 Dungeon Crawl Stone Soup version 0.22-a0-284-g99d1f74 (webtiles) character file.

56 galech the Shield-Bearer (level 4, -10/35 HPs)
             Began as a Human Fighter on Mar 20, 2018.
             Mangled by an ogre
             ... wielding a +0 giant club
              (25 damage)
             ... on level 2 of the Dungeon.
             The game lasted 00:01:27 (715 turns).

galech the Shield-Bearer (Human Fighter)             Turns: 715, Time: 00:01:28

Health: -10/35     AC:  6    Str: 17    XL:     4   Next: 15%
Magic:  4/4        EV:  7    Int:  8    God:
Gold:   37         SH:  9    Dex: 13    Spells: 3/3 levels left

rFire    . . .     SeeInvis .   a - +0 war axe
rCold    . . .     Gourm    .   c - +0 shield
rNeg     . . .     Faith    .   b - +0 scale mail
rPois    +         Spirit   .   (no helmet)
rElec    .         Reflect  .   (no cloak)
rCorr    .         Harm     .   (no gloves)
MR       .....                  (no boots)
Stlth    ..........             (no amulet)
HPRegen  0.11/turn              l - ring of poison resistance
MPRegen  0.09/turn              (no ring)

@: no status effects
A: no striking features
a: no special abilities


You were on level 2 of the Dungeon.
You were not hungry.

You visited 1 branch of the dungeon, and saw 2 of its levels.

You collected 37 gold pieces.

Inventory:

Hand Weapons
 a - a +0 war axe (weapon)
Armour
 b - a +0 scale mail (worn)
 c - a +0 shield (worn)
Jewellery
 l - a ring of poison resistance (left hand)
Scrolls
 g - a scroll of fear {unknown}
 j - a scroll of teleportation {unknown}
Potions
 d - a potion of might
 e - a potion of heal wounds {unknown}
 h - a potion of agility {unknown}
 i - a potion of degeneration {unknown}
Comestibles
 f - 2 rations


   Skills:
 + Level 3.3 Fighting
 + Level 2.5 Axes
 + Level 3.3 Armour
 + Level 1.3 Dodging
 + Level 3.3 Shields


You had 3 spell levels left.
You didn't know any spells.

Dungeon Overview and Level Annotations

Branches:
Dungeon (2/15)

Altars:


Message History

You are too injured to fight recklessly!
You are too injured to fight recklessly!
You are too injured to fight recklessly!
You are too injured to fight recklessly!
You are too injured to fight recklessly!
You are too injured to fight recklessly!
You are too injured to fight recklessly!
You are too injured to fight recklessly!
There is a stone staircase leading down here.
The goblin unwields an uncursed dagger.
The goblin wields a hunting sling.
The goblin shoots a stone.
You block the stone.
The goblin shoots a stone.
The stone hits you but does no damage.
All of the chunks of flesh in your inventory have rotted away.
You see here a stone.
There is a stone staircase leading up here.
Your shield prevents you from hitting the ogre.
The goblin shoots a stone.
The stone barely misses you. The ogre hits you with a giant club!!
Ouch! That really hurt!
You die...

#. #.#.....#
#.
#g#+###'####
#..........#
#..........#
#..........#
#..........#
#..........#
#......O...#
##.....@...#
#.........#
+.........+
#.........#
#.........#
#########.#
.# .#


You could see an ogre and a goblin.

Vanquished Creatures
  An adder (D:2)
  An ooze (D:1)
  3 dart slugs (D:1)
  A ball python (D:1)
  A giant cockroach (D:1)
  6 goblins
  4 hobgoblins (D:1)
  6 bats (D:1)
  4 frilled lizards
  6 kobolds (D:1)
  2 rats (D:1)
35 creatures vanquished.

Notes
Turn   | Place    | Note
-------+----------+-------------------------------------------
     0 | D:1      | galech the Human Fighter began the quest for the Orb.
     0 | D:1      | Reached XP level 1. HP: 18/18 MP: 1/1
    19 | D:1      | Reached XP level 2. HP: 23/24 MP: 2/2
   160 | D:1      | Reached XP level 3. HP: 29/29 MP: 3/3
   184 | D:1      | Reached skill level 1 in Dodging
   671 | D:2      | Reached XP level 4. HP: 34/35 MP: 4/4
   695 | D:2      | Noticed an ogre
   715 | D:2      | Mangled by an ogre

Vault maps used:
D:1:      minmay_arrival_glassed_features, st_stairs_3
D:2:      uniq_terence

Skill      XL: |  1  2  3 |
---------------+----------+-----
Dodging        | 1 |  1.3
Fighting       | |  3.3
Axes           | |  2.5
Armour         | |  3.3
Shields        | |  3.3

Action                   |  1- 3 |  4- 6 || total
-------------------------+-------+-------++-------
Melee: War axe           |   112 |     6 ||   118
Armor: Scale mail        |    75 |     2 ||    77
Dodge: Dodged            |    41 |     2 ||    43
Block: Shield            |    84 |     3 ||    87

Table legend:
 A = Spawn XP
 B = Non-spawn XP
 C = Spawn XP percentage of total XP
 D = Spawn monster count
 E = Non-spawn monster count
 F = Spawn count percentage of total count
 G = Total turns spent on level
                    A         B        C        D         E        F      G
               +---------+---------+-------+---------+---------+-------+---------
         Total |       0 |      80 |   0.0 |       0 |      35 |   0.0 |   715
               +---------+---------+-------+---------+---------+-------+---------
           D:1 |       0 |      63 |   0.0 |       0 |      32 |   0.0 |   665
           D:2 |       0 |      17 |   0.0 |       0 |       3 |   0.0 |    50
               +---------+---------+-------+---------+---------+-------+---------
